 Dungeon Crawl Stone Soup version 0.20-a0-513-g02c11fc (webtiles) character file.

20122 anuswrecked the Thaumaturge (level 12, -3/87 HPs)
             Began as a Mummy Wizard on Jan 22, 2017.
             Was an Elder of Vehumet.
             Slain by a death knight
             ... wielding a +1 great mace
              (23 damage)
             ... on level 13 of the Dungeon.
             The game lasted 01:46:26 (16873 turns).

anuswrecked the Thaumaturge (Mummy Wizard)         Turns: 16873, Time: 01:46:27

Health: -3/87      AC:  8    Str: 12    XL:     12   Next: 42%
Magic:  8/26       EV: 16    Int: 20    God:    Vehumet [****..]
Gold:   326        SH:  8    Dex: 11    Spells: 3/31 levels left

rFire    . . .     SeeInvis .   G - +6 trident (freeze)
rCold    + . .     Gourm    .   o - +2 robe {rF+}
rNeg     + + +     Faith    .   k - +3 warlock's mirror {reflect}
rPois    ∞         Spirit   .   b - +1 hat
rElec    .         Reflect  +   p - +0 cloak
rCorr    .         Harm     .   a - +0 pair of gloves
MR       +....                  (no boots)
Stlth    ++........             (no amulet)
Regen    0.3/turn               j - ring of wizardry
                                y - +2 ring of evasion

@: no status effects
A: no food or potions, fire vulnerability, cold resistance 1, negative energy
resistance 3, torment resistance, unbreathing
a: Renounce Religion


You were on level 13 of the Dungeon.
You worshipped Vehumet.
Vehumet was greatly pleased with you.
You were not hungry.

You visited 2 branches of the dungeon, and saw 14 of its levels.

You collected 726 gold pieces.
You spent 400 gold pieces at shops.

Inventory:

Hand Weapons
 D - a +2 dagger of chaos
 G - a +6 trident of freezing (weapon)
Missiles
 n - a throwing net (quivered)
 I - 7 silver javelins
Armour
 a - a +0 pair of gloves (worn)
 b - a +1 hat (worn)
 k - the +3 warlock's mirror (worn) {reflect}
   (You bought it in a shop on level 10 of the Dungeon)
 o - a +2 robe of fire resistance (worn)
 p - a +0 cloak (worn)
 E - the +1 robe "Reluj" {rPois rCorr}
   (You took it off an orc on level 9 of the Dungeon)

   It protects you from poison.
   It protects you from acid and corrosion.
 H - a +0 troll leather armour
Jewellery
 g - an uncursed ring of protection from cold
 j - a ring of wizardry (right hand)
 y - a +2 ring of evasion (left hand)
 F - an uncursed ring of wizardry
 J - an uncursed ring of protection from cold
Wands
 e - a wand of iceblast (7/15)
 i - a wand of iceblast (6/15)
 l - a wand of confusion (15/48)
 m - a wand of flame (6/48)
 r - a wand of lightning (0/15)
 v - a wand of random effects (19/48)
 B - a wand of iceblast (9/15)
 K - a wand of polymorph (14/24)
Scrolls
 d - 6 scrolls of teleportation
 f - 6 scrolls of remove curse
 h - 2 scrolls of noise
 q - a scroll of blinking
 t - a scroll of enchant armour
 x - 2 scrolls of holy word
Books
 c - a book of Minor Magic

   Spells                             Type                      Level
   a - Magic Dart                     Conjuration                  1
   b - Blink                          Translocation                2
   c - Call Imp                       Summoning                    2
   d - Repel Missiles                 Charms/Air                   2
   e - Slow                           Hexes                        2
   f - Conjure Flame                  Conjuration/Fire             3
   g - Mephitic Cloud                 Conjuration/Poison/Air       3
 u - a book of Maledictions

   Spells                             Type                      Level
   a - Corona                         Hexes                        1
   b - Ensorcelled Hibernation        Hexes/Ice                    2
   c - Confuse                        Hexes                        3
   d - Tukima's Dance                 Hexes                        3
   e - Dazzling Spray                 Conjuration/Hexes            3
 w - a book of Air

   Spells                             Type                      Level
   a - Shock                          Conjuration/Air              1
   b - Swiftness                      Charms/Air                   2
   c - Repel Missiles                 Charms/Air                   2
   d - Static Discharge               Conjuration/Air              3
   e - Lightning Bolt                 Conjuration/Air              5
 z - a book of Callings

   Spells                             Type                      Level
   a - Summon Small Mammal            Summoning                    1
   b - Call Imp                       Summoning                    2
   c - Call Canine Familiar           Summoning                    3
   d - Summon Guardian Golem          Hexes/Summoning              3
   e - Summon Lightning Spire         Summoning/Air                4
   f - Summon Ice Beast               Ice/Summoning                4
 A - a book of the Earth

   Spells                             Type                      Level
   a - Leda's Liquefaction            Hexes/Earth                  4
   b - Bolt of Magma                  Conjuration/Fire/Earth       5
   c - Statue Form                    Transmutation/Earth          6
   d - Iron Shot                      Conjuration/Earth            6
   e - Shatter                        Earth                        9
 C - a book of Geomancy

   Spells                             Type                      Level
   a - Sandblast                      Earth                        1
   b - Passwall                       Transmutation/Earth          2
   c - Stone Arrow                    Conjuration/Earth            3
   d - Petrify                        Transmutation/Earth          4
   e - Lee's Rapid Deconstruction     Earth                        5


   Skills:
 + Level 5.6 Fighting
 + Level 3.4 Polearms
 * Level 7.0 Armour
 + Level 4.9 Dodging
 - Level 1.5 Stealth
 * Level 6.9 Shields
 * Level 10.4 Spellcasting
 * Level 6.9 Conjurations
 - Level 0.7 Summonings
 - Level 3.0 Translocations
 - Level 2.1 Fire Magic
 * Level 6.0 Air Magic
 - Level 1.0 Poison Magic


You had 3 spell levels left.
You knew the following spells:

 Your Spells              Type           Power        Failure   Level  Hunger
a - Magic Dart            Conj           ####         1%          1    N/A
b - Mephitic Cloud        Conj/Pois/Air  ####....     1%          3    N/A
c - Blink                 Tloc           N/A          1%          2    N/A
d - Iskenderun's Mystic   Conj           #####...     1%          4    N/A
e - Lightning Bolt        Conj/Air       #####.....   1%          5    N/A
f - Passwall              Tmut/Erth      ##........   4%          2    N/A
g - Summon Lightning Spi  Summ/Air       ###.....     7%          4    N/A
h - Inner Flame           Hex/Fire       ##......     1%          3    N/A
i - Swiftness             Chrm/Air       ###.....     1%          2    N/A
j - Repel Missiles        Chrm/Air       ###...       1%          2    N/A

Dungeon Overview and Level Annotations

Branches:
Dungeon (13/15)            Temple (1/1) D:5            Lair (0/6) D:11
    Orc (0/2) D:9
 Vaults: D:13-14

Altars:
Ashenzari
Cheibriados
Dithmenos
Elyvilon
Fedhas
Gozag
Hepliaklqana
Kikubaaqudgha
Makhleb
Nemelex Xobeh
Okawaru
Qazlal
Ru
Sif Muna
Trog
Uskayaw
Vehumet
Xom
Yredelemnul
Zin
The Shining One

Shops:
D:10 [   D:12 (   D:13 *


Innate Abilities, Weirdness & Mutations

You do not eat or drink.
Your flesh is vulnerable to fire.
You are immune to poison.
Your flesh is cold resistant. (rC+)
You are immune to negative energy. (rN+++)
You are immune to unholy pain and torment.
You can survive without breathing.


Message History

The death knight is heavily wounded.
The death knight hits you with an enchanted great mace!
You see here a mace.
Things that are here:
a giant spiked club; a giant club 2 slime creatures come into view.
The slime creature quivers. 2 slime creatures come into view.
The slime creature quivers.
The slime creature hits you!
* * * LOW HITPOINT WARNING * * *
Two slime creatures merge to form a large slime creature.
Okay, then.
Casting: Summon Lightning Spire
Confirm with . or Enter, or press ? or * to list all spells.
Which direction?
You block the death knight's attack.
You begin to meditate on the wall.
You continue meditating on the rock.
The death knight hits you with an enchanted great mace!!
You die...

#.# ###...###.#####. #.#
#..z>....)...... #.#
#.#..8###)#)###. #.####
#.######......#. #....#
#(.z.)).)(..#.#.
####.################..####.#.
#..............# #..#......
#..#.....#####.###..#..####
#..#.###.#@p.W.z.J..#..#
#..#+###.#^J...###.##..#
#.....##.#######.......#
#.....##...........##..#
##.....#.....####...##..#
#.....##.....# #..J###.#
#.....##.....# #.J.....#
#.....##.....####..####.#
#####..'.....'[.......#.####


You could see a death knight, a skeletal warrior, a large slime creature, a
slime creature (wandering) and a wraith.

Vanquished Creatures
  A centaur warrior (D:13)
  4 two-headed ogres
  A tengu warrior (D:12)
  Urug (D:11)
  A deep elf mage (D:11)
  An ugly thing (D:13)
  Psyche (D:8)
  A gargoyle (D:13)
  3 centaur skeletons
  Prince Ribbit (D:6)
  A hornet (D:8)
  2 trolls
  2 slime creatures (D:12)
  Grinder (D:3)
  4 hippogriffs
  Sigmund (D:3)
  7 yaks
  A human (D:9)
  A wyvern (D:6)
  2 basilisks
  A hungry ghost (D:10)
  6 vampire mosquitoes (D:13)
  A soldier ant (D:12)
  A water moccasin (D:10)
  3 orc warriors
  4 ice beasts
  3 sky beasts
  A black bear (D:9)
  A hornet zombie (D:13)
  2 necrophages
  7 ogres
  2 phantoms
  10 centaurs
  An eye of draining (D:6)
  Blork the orc (D:5)
  3 big kobolds
  10 bullfrogs
  A gnoll sergeant (D:7)
  10 scorpions
  A water moccasin skeleton (D:8)
  4 killer bees (D:9)
  10 wights
  An electric eel (D:7)
  2 howler monkeys (D:13)
  2 bullfrog zombies
  3 centaur zombies
  4 crimson imps
  9 hounds
  14 orc priests
  3 bullfrog skeletons
  6 jellies
  12 orc wizards
  5 iguanas
  Ijyb (D:2)
  9 worker ants
  A killer bee zombie (D:7)
  A howler monkey zombie (D:8)
  A worker ant zombie (D:5)
  15 gnolls
  A howler monkey skeleton (D:4)
  15 adders
  A shadow imp (D:6)
  An ooze (D:1)
  An adder zombie (D:5)
  A worm (D:2)
  2 dart slugs
  6 leopard geckos
  41 orcs
  11 bats
  9 giant cockroaches
  4 hobgoblins
  21 jackals
  22 kobolds
  5 quokkas
  5 frilled lizards
  7 goblins
  2 quokka skeletons
  A quokka zombie (D:7)
  6 rats
371 creatures vanquished.

Vanquished Creatures (collateral kills)
  3 oklob plants (D:11)
  A cyclops (D:12)
  A freezing wraith (D:13)
  2 slime creatures (D:12)
  4 yaks (D:9)
  A steam dragon (D:12)
  An orc warrior (D:9)
  An ice beast (D:9)
  2 centaurs (D:12)
  A wight (D:11)
  An orc wizard (D:9)
  An adder (D:12)
  9 orcs
  A kobold (D:11)
  2 plants (D:11)
31 creatures vanquished.

Vanquished Creatures (others)
  A kobold (D:11)
  5 fungi (D:5)
6 creatures vanquished.

Grand Total: 408 creatures vanquished

Notes
Turn   | Place    | Note
-------+----------+-------------------------------------------
     0 | D:1      | anuswrecked the Mummy Wizard began the quest for the Orb.
     0 | D:1      | Reached XP level 1. HP: 13/13 MP: 5/5
    99 | D:1      | Reached skill level 1 in Conjurations
   317 | D:1      | Reached XP level 2. HP: 11/19 MP: 0/7
   321 | D:1      | Learned a level 2 spell: Blink
   769 | D:1      | Reached XP level 3. HP: 25/25 MP: 3/8
  1376 | D:2      | Reached skill level 1 in Fighting
  1532 | D:2      | Learned a level 3 spell: Mephitic Cloud
  1535 | D:2      | Learned a level 2 spell: Repel Missiles
  1612 | D:2      | Reached skill level 1 in Translocations
  1831 | D:2      | Reached XP level 4. HP: 32/32 MP: 5/10
  1882 | D:2      | Noticed Ijyb
  1913 | D:2      | Killed Ijyb
  2437 | D:3      | Noticed Sigmund
  2827 | D:3      | Reached XP level 5. HP: 27/37 MP: 3/12
  2921 | D:3      | Reached skill level 1 in Shields
  2921 | D:3      | Reached skill level 5 in Spellcasting
  2995 | D:4      | Reached skill level 1 in Armour
  3317 | D:4      | Noticed an ogre
  3330 | D:4      | Killed an ogre
  3330 | D:4      | Reached skill level 1 in Air Magic
  3330 | D:4      | Reached XP level 6. HP: 34/43 MP: 12/14
  3665 | D:3      | Killed Sigmund
  3669 | D:3      | Noticed Grinder
  3688 | D:3      | Killed Grinder
  3688 | D:3      | Reached skill level 1 in Poison Magic
  3688 | D:3      | Reached XP level 7. HP: 39/50 MP: 5/15
  3831 | D:3      | Found a shattered altar of Ashenzari.
  3896 | D:3      | Reached skill level 6 in Spellcasting
  4428 | D:5      | Entered Level 5 of the Dungeon
  4819 | D:5      | Found a sparkling altar of Nemelex Xobeh.
  4948 | D:5      | Noticed Blork the orc
  4976 | D:5      | Killed Blork the orc
  4976 | D:5      | Reached XP level 8. HP: 57/57 MP: 11/17
  5213 | D:5      | Found a staircase to the Ecumenical Temple.
  5225 | Temple   | Entered the Ecumenical Temple
  5322 | Temple   | Became a worshipper of Vehumet
  6220 | D:5      | Reached skill level 7 in Spellcasting
  6320 | D:5      | Found an iron altar of Okawaru.
  6368 | D:5      | Reached * piety under Vehumet
  6368 | D:5      | Offered knowledge of Flame Tongue by Vehumet.
  6522 | D:5      | Reached XP level 9. HP: 62/63 MP: 13/19
  7704 | D:5      | Found a sparkling altar of Nemelex Xobeh.
  7704 | D:5      | Found an ancient bone altar of Kikubaaqudgha.
  7751 | D:7      | Noticed Prince Ribbit
  7795 | D:6      | Killed Prince Ribbit
  7795 | D:6      | Reached ** piety under Vehumet
  7795 | D:6      | Offered knowledge of Searing Ray by Vehumet.
  8321 | D:6      | Reached skill level 8 in Spellcasting
  8382 | D:6      | Reached skill level 5 in Conjurations
  8535 | D:6      | Learned a level 2 spell: Searing Ray
  8892 | D:7      | Reached XP level 10. HP: 63/71 MP: 7/22
  9121 | D:7      | Learned a level 2 spell: Swiftness
  9127 | D:7      | Learned a level 5 spell: Lightning Bolt
  9447 | D:8      | Noticed a two-headed ogre
  9469 | D:8      | Killed a two-headed ogre
  9469 | D:8      | Reached skill level 5 in Armour
  9736 | D:8      | Reached skill level 5 in Shields
  9763 | D:8      | Noticed Psyche
  9888 | D:8      | Noticed a two-headed ogre
  9888 | D:8      | Killed Psyche
  9888 | D:8      | Reached skill level 1 in Polearms
  9994 | D:8      | Killed a two-headed ogre
  9994 | D:8      | Offered knowledge of Inner Flame by Vehumet.
  9994 | D:8      | Reached skill level 9 in Spellcasting
 10102 | D:8      | Learned a level 3 spell: Inner Flame
 10107 | D:8      | Learned a level 4 spell: Summon Lightning Spire
 10495 | D:8      | Noticed a two-headed ogre
 10610 | D:8      | Killed a two-headed ogre
 10817 | D:8      | Reached *** piety under Vehumet
 11313 | D:9      | Found a blossoming altar of Fedhas.
 11375 | D:9      | Offered knowledge of Iskenderun's Mystic Blast by Vehumet.
 11415 | D:9      | Got a slimy robe
 11489 | D:9      | Identified the +1 robe "Reluj" {rPois rCorr} (You took it off an orc on level 9 of the Dungeon)
 11722 | D:9      | Reached XP level 11. HP: 73/78 MP: 22/24
 11729 | D:9      | Learned a level 4 spell: Iskenderun's Mystic Blast
 11729 | D:9      | Found a staircase to the Orcish Mines.
 11857 | D:9      | Found a glowing silver altar of Zin.
 11857 | D:9      | Found an opulent altar of Gozag.
 12260 | D:9      | Reached **** piety under Vehumet
 12728 | D:10     | Entered Level 10 of the Dungeon
 12977 | D:10     | Offered knowledge of Venom Bolt by Vehumet.
 13353 | D:10     | Found Tamethoj's Armour Emporium.
 13356 | D:10     | Bought the +3 warlock's mirror {reflect} for 400 gold pieces
 13447 | D:10     | Reached skill level 1 in Fire Magic
 13674 | D:11     | Reached skill level 5 in Air Magic
 13847 | D:11     | Found a staircase to the Lair.
 13847 | D:11     | Noticed an oklob plant
 13872 | D:11     | Noticed an oklob plant
 13874 | D:11     | Noticed an oklob plant
 13891 | D:11     | Killed an oklob plant
 13894 | D:11     | Killed an oklob plant
 13912 | D:11     | Killed an oklob plant
 14050 | D:11     | Noticed a deep elf mage
 14055 | D:11     | Killed a deep elf mage
 14055 | D:11     | Reached skill level 5 in Fighting
 14481 | D:11     | Noticed Urug
 14709 | D:11     | Killed Urug
 15137 | D:12     | Found Tocuntou's Weapon Boutique.
 15152 | D:12     | Reached skill level 10 in Spellcasting
 15245 | D:12     | Reached ***** piety under Vehumet
 15648 | D:12     | Noticed a tengu warrior
 15666 | D:12     | Killed a tengu warrior
 15689 | D:12     | Got a bloodstained leather armour
 15701 | D:12     | Identified the +2 leather armour of Sif Muna's Regard {+Inv rC+ Stlth+} (You found it on level 12 of the Dungeon)
 15801 | D:12     | Reached XP level 12. HP: 84/86 MP: 11/26
 15805 | D:12     | Learned a level 2 spell: Passwall
 15937 | D:12     | You fall through a shaft!
 15938 | D:13     | Found Zudwilug's Island Escapes.
 15947 | D:13     | Offered knowledge of Bolt of Fire by Vehumet.
 15995 | D:13     | Noticed a two-headed ogre
 16042 | D:13     | Killed a two-headed ogre
 16056 | D:13     | Noticed a centaur warrior
 16096 | D:13     | Killed a centaur warrior
 16798 | D:13     | Noticed a death knight
 16873 | D:13     | Slain by a death knight

Vault maps used:
D:1:      dpeg_arrival_lava_altar, minmay_pentomino_v2
D:2:      first_bread, uniq_iyjb
D:3:      lemuel_round_altar, uniq_sigmund, uniq_grinder
D:5:      old_forge, nicolae_overflow_hidden_temple, serial_co_window_serial,
          co_window_corner_a, co_window_of_opportunity_a, co_window_corner_a,
          co_window_corner_a, co_window_paths_b, co_window_paths_a,
          co_window_of_opportunity_a, co_window_paths_b, co_window_paths_a,
          co_window_unsneaky_path_c, co_window_broadway_b, co_window_cross_3,
          co_window_2corner, glass_columns_c, glass_columns_c, glass_columns_a,
          glass_columns_c, basic_altar, uniq_blork_the_orc
D:6:      st_stairs_13, kb_rosetta
D:7:      kennysheep_cross_bottleneck, uniq_prince_ribbit1
D:8:      uniq_psyche
D:9:      grunt_temple_overflow_gold_and_silver, kennysheep_mini, erik_orc_4
D:10:     serial_shops, kennysheep_mini_moat
D:11:     dpeg_oklobed_lair, uniq_urug
D:12:     serial_shops, nicolae_shop_window_shopping, grunt_tengu_nest,
          kennysheep_generic_room_4
D:13:     minivault_5, nicolae_island_escapes, uniq_frances
Temple:   nicolae_temple_great_sept

Skill      XL: |  1  2  3  4  5  6  7  8  9 10 11 12 |
---------------+-------------------------------------+-----
Conjurations   | 1 2 3 4 5 6 |  6.9
Fighting       | 1 2 3 4 5 |  5.6
Translocations | 1 2 3 |  3.0
Dodging        | 2 3 4 |  4.9
Shields        | 1 2 3 4 5 6 |  6.9
Spellcasting   | 5 6 7 8 9 10 | 10.4
Armour         | 1 2 4 5 6 7 |  7.0
Air Magic      | 1 2 3 4 5 6 |  6.0
Poison Magic   | 1 |  1.0
Polearms       | 1 2 3 |  3.4
Fire Magic     | 2 |  2.1
Stealth        | |  1.5
Summonings     | |  0.7

Action                   |  1- 3 |  4- 6 |  7- 9 | 10-12 || total
-------------------------+-------+-------+-------+-------++-------
Melee: Unarmed           |    16 |       |       |       ||    16
       Dagger            |    18 |    84 |   464 |       ||   566
       Short sword       |     8 |       |       |       ||     8
       Trident           |       |       |    23 |   625 ||   648
       Scimitar          |       |       |     4 |       ||     4
 Cast: Magic Dart        |   107 |    85 |   310 |   288 ||   790
       Mephitic Cloud    |       |     3 |    68 |    80 ||   151
       Blink             |       |       |     1 |    12 ||    13
       Repel Missiles    |       |       |     1 |     3 ||     4
       Lightning Bolt    |       |       |       |    28 ||    28
       Summon Lightning  |       |       |       |    24 ||    24
       Iskenderun's Myst |       |       |       |    25 ||    25
       Searing Ray       |       |       |       |     1 ||     1
       Passwall          |       |       |       |     2 ||     2
Evoke: Wand              |       |    16 |    11 |    21 ||    48
  Use: Scroll            |     1 |     3 |     4 |    17 ||    25
 Stab: Confused          |       |     3 |    20 |    25 ||    48
       Sleeping          |       |       |       |     3 ||     3
Armor: Leather armour    |    24 |    22 |       |       ||    46
       Robe              |       |       |   135 |   150 ||   285
Dodge: Dodged            |    32 |    54 |   314 |   480 ||   880
       Deflected         |       |       |       |    12 ||    12
Block: Buckler           |       |    13 |   126 |   204 ||   343
       Reflection        |       |       |       |    11 ||    11
